 Dungeon Crawl Stone Soup version 0.30.1-11-g7821555f0a (webtiles) character file.

Game seed: 2998781393460114159

34 Hallewes the Grave Robber (level 3, -3/24 HPs)
             Began as a Mummy Necromancer on Oct 28, 2023.
             Slain by a black bear (5 damage)
             ... on level 4 of the Dungeon.
             The game lasted 00:13:28 (497 turns).

Hallewes the Grave Robber (Mummy Necromancer)        Turns: 497, Time: 00:13:28

Health: -3/24      AC:  1    Str: 11    XL:     3   Next: 14%
Magic:  6/7        EV: 12    Int: 16    God:
Gold:   8          SH:  0    Dex: 12    Spells: 7/8 levels left

rFire   x . .        d - +2 dagger (venom)
rCold   + . .        (no shield)
rNeg    + + +        (no body armour)
rPois   ∞            (no helmet)
rElec   .            f - +0 cloak
rCorr   .            (no gloves)
SInv    .            (no boots)
Will    .....        (no amulet)
Stlth   ++           (no ring)
HPRegen 0.24/turn    (no ring)
MPRegen 0.10/turn

%: faith
@: no status effects
A: cold resistance 1, negative energy resistance 3, torment resistance 2, heat
vulnerability 1, in touch with death 1, no potions, faith
a: no special abilities


You were on level 4 of the Dungeon.
You visited 1 branch of the dungeon, and saw 3 of its levels.

You collected 8 gold pieces.

Inventory:

Hand Weapons
 b - a +1 dagger
 d - a +2 dagger of venom (weapon)
 m - a +0 quarterstaff
Missiles
 e - 3 javelins
Armour
 a - a +0 robe
 c - the +3 plate armour of the World {Harm rPois rC- Will+}
   (You acquired it on level 2 of the Dungeon)

   rC:        It makes you vulnerable to cold.
   rPois:     It protects you from poison.
   Harm:      It increases damage dealt and taken.
   Will:      It increases your willpower.
 f - a +0 cloak (worn)
 l - a +0 ring mail
Scrolls
 i - a scroll of identify
 k - a scroll of poison {unknown}
Potions
 g - a potion of magic {unknown}
 h - a potion of heal wounds {unknown}
 j - a potion of lignification {unknown}


   Skills:
 + Level 1.6 Dodging
 + Level 1.6 Stealth
 + Level 3.0 Spellcasting
 + Level 4.8 Necromancy


You had 7 spell levels left.
You knew the following spells:

 Your Spells              Type           Power      Damage    Failure   Level
a - Necrotise             Necr           100%       1d9       2%          1

Your spell library contained the following spells:

 Spells                   Type           Power      Damage    Failure   Level
 Vampiric Draining        Necr           27%        2d7       8%          3
 Animate Dead             Necr           27%        N/A       26%         4
 Agony                    Necr           27%        N/A       56%         5


Dungeon Overview and Level Annotations

Branches:
Dungeon (4/15)
 Temple: D:4-7

Altars:


Innate Abilities, Weirdness & Mutations

You are immune to poison.
Your flesh is cold resistant. (rC+)
You are immune to negative energy. (rN+++)
You are immune to unholy pain and torment.
You are vulnerable to heat. (rF-)
You are in touch with the powers of death.
You do not drink.
You have a special connection with the divine. (Faith)


Message History

You finish putting on your +0 ring mail.
You can't see any susceptible monsters within range! (Use Z to cast anyway.)
Casting: Necrotise (safe; 6% risk of failure)
Confirm with . or Enter, or press ? or * to list all spells.
You can't see any susceptible monsters within range! (Use Z to cast anyway.)
You see here a dart slug corpse.
An endoplasm comes into view.
A sourceless malevolence fills the Dungeon...
You fall into a shaft and drop 2 floors!
The shaft crumbles and collapses.
You hear the sound of rushing water.
There is an entrance to a sewer on this level.
Hurry and find it before the portal rusts away!
Found 6 stones.
Found a stone staircase leading up.
Found a creamy pearl robe.
A black bear comes into view.
The black bear growls angrily.
You feel a surge of power!
You miscast Necrotise.
You are very lightly contaminated with residual magic.
Nothing appears to happen.
You start removing your armour.
You continue taking off your +0 ring mail. x3
The black bear bites you.
The black bear claws you but does no damage.
The black bear claws you.
You continue taking off your +0 ring mail.
The black bear bites you. The black bear closely misses you.
The black bear barely misses you.
You finish taking off your +0 ring mail.
You hit the black bear but do no damage.
The black bear bites you.
* * * LOW HITPOINT WARNING * * *
The black bear claws you.
* * * LOW HITPOINT WARNING * * *
The black bear claws you.
* * * LOW HITPOINT WARNING * * *
Your magical contamination has completely faded away.
The black bear attacks as you move away!
The black bear bites you.
You die...

# #.....# .......
#.#####.....#####.....#
..............(.......#.
........................
#.###....######.......##
#....# #......... ######
###.......##
#....#####<. #.@h.....#
[ #..........
#.......... #........#.
........... ..........##
....#.###... ###. .# .##


You could see a black bear.

Vanquished Creatures
  An adder (D:2)
  2 dart slugs (D:2)
  A ball python (D:1)
  3 endoplasms
  2 giant cockroaches (D:1)
  3 goblins (D:2)
  2 hobgoblins (D:2)
  2 kobolds
  A bat (D:1)
  2 frilled lizards (D:2)
19 creatures vanquished.

Notes
Turn   | Place    | Note
-------+----------+-------------------------------------------
     0 | D:1      | Hallewes the Mummy Necromancer began the quest for the Orb.
     0 | D:1      | Reached XP level 1. HP: 13/13 MP: 4/4
   148 | D:2      | Reached XP level 2. HP: 19/19 MP: 1/5
   151 | D:2      | Identified a scroll of acquirement
   151 | D:2      | Acquired the +3 plate armour of the World {Harm rPois rC-
                  | Will+}
   388 | D:2      | Gained mutation: You are in touch with the powers of death.
                  | [Mummy growth]
   388 | D:2      | Reached XP level 3. HP: 24/24 MP: 5/7
   474 | D:2      | You fall into a shaft and drop 2 floors!
   486 | D:4      | Noticed a black bear
   497 | D:4      | Slain by a black bear

Illustrated notes

Levels and vault maps discovered:
D:1:      lemuel_arrival_rhombus, layout_basic
D:2:      layout_rooms, kennysheep_generic_room_5
D:4:      layout_basic, lemuel_round_altar, cheibrodos_sewer_entry_drain

Skill      XL: |  1  2 |
---------------+-------+-----
Spellcasting   | 3 |  3.0
Dodging        | |  1.6
Stealth        | |  1.6
Necromancy     | |  4.8

Action                     || total
---------------------------++-------
  Melee: Dagger            ||    38
   Cast: Necrotise         ||    11
    Use: Scroll            ||     4
 Armour: Robe              ||     1
         Plate armour      ||    21
         Ring mail         ||     1
  Dodge: Dodged            ||    18
